 Dungeon Crawl Stone Soup version 0.29.0-4-gdea44cf6ec (webtiles) character file.

Game seed: 7077098908031343583

10783 qw the Grappler (level 11, -6/102 HPs)
             Began as a Troll Cinder Acolyte on Sept 2, 2022.
             Was a Believer of Ignis.
             Mangled by Lodul
             ... wielding a +0 dire flail
              (28 damage)
             ... on level 10 of the Dungeon.
             The game lasted 00:04:59 (7490 turns).

qw the Grappler (Troll Cinder Acolyte)              Turns: 7490, Time: 00:05:00

Health: -6/102     AC:  7    Str: 31    XL:     11   Next: 40%
Magic:  11/11      EV: 18    Int: 13    God:    Ignis [**....]
Gold:   102        SH:  5    Dex: 10    Spells: 12/12 levels left

rFire   + . .      SeeInvis .     - Unarmed
rCold   . . .      Faith    .   (shield currently unavailable)
rNeg    . . .      Spirit   .   (body armour currently unavailable)
rPois   .          Reflect  +   (helmet currently unavailable)
rElec   .          Harm     .   (cloak currently unavailable)
rCorr   .          Rampage  .   (gloves unavailable)
Will    .....                   (boots unavailable)
Stlth   ++........              b - amulet of reflection
HPRegen 1.07/turn               (ring currently unavailable)
MPRegen 0.12/turn               (ring currently unavailable)

@: bat-form, fiery-armoured, flying, very quick
A: fast, flying, no casting, tiny, unfitting armour, (claws 3), regeneration 1,
(shaggy fur 1), (tough skin 1), thin skeletal structure 1, clever 1, strong 1
a: Renounce Religion, Fiery Armour, Foxfire Swarm, Rising Flame


You were on level 10 of the Dungeon.
You worshipped Ignis.
Ignis was pleased with you.
You were a bat.
You visited 1 branch of the dungeon, and saw 10 of its levels.

You collected 570 gold pieces.
You spent 468 gold pieces at shops.


Innate Abilities, Weirdness & Mutations

You are a bat.
You are tiny and dextrous.
You move quickly.
You are flying.
Your equipment is almost entirely melded.
You are incapable of wielding weapons or throwing items.
You cannot cast spells.
You are too large for most types of armour.
((You have claws for hands.))
Your natural rate of healing is unusually fast.
((You are covered in fur. (AC +1)))
((You have tough skin. (AC +1)))
You have a somewhat thin skeletal structure. (Dex +2, Stealth+)
Your mind is acute. (Int +4, Str/Dex -1)
Your muscles are strong. (Str +4, Int/Dex -1)


   Skills:
 - Level 5.1 Fighting
 - Level 5.2 Throwing
 + Level 1.4 Dodging
 - Level 9.2 Shields
 - Level 13.0 Unarmed Combat
 - Level 1.0 Spellcasting
 - Level 2.1 Fire Magic


You had 12 spell levels left.
You didn't know any spells.
Your spell library contained the following spells:

 Spells                   Type           Power      Damage    Failure   Level
 Scorch                   Fire           12%        2d6       17%         2

Inventory:

Missiles
 q - a boomerang (quivered)
Armour
 a - a +0 robe (melded)
 i - a +0 robe of cold resistance
 k - a +0 kite shield (melded)
 s - a +1 robe of cold resistance
Jewellery
 b - an amulet of reflection (around neck)
 l - a ring of see invisible (melded)
 m - a +4 ring of protection (melded)
 n - a +4 ring of evasion
Scrolls
 e - 2 scrolls of identify
 f - 2 scrolls of enchant weapon
 p - 2 scrolls of enchant armour
Potions
 c - 2 potions of might
 d - 4 potions of mutation
 g - 3 potions of curing
 j - 5 potions of haste
 r - a potion of flight {unknown}

Dungeon Overview and Level Annotations

Branches:
Dungeon (10/15)            Temple (0/1) D:6
   Lair: D:8-11         Orc: D:9-12

Altars:
Ashenzari
Dithmenos
Hepliaklqana
Nemelex Xobeh
Qazlal

Shops:
D:2 (   D:8 *

Annotations:
D:10 Lodul


Message History

You hit Lodul but do no damage.
Lodul is moderately wounded.
Lodul hits you with a +0 dire flail!
Lodul is burned by your cloak of flames.
Lodul is moderately wounded.
7480 ||| DRINKING potion of heal wounds.
You feel much better.
You hit Lodul but do no damage.
Lodul is moderately wounded.
You block Lodul's attack.
You hit Lodul but do no damage.
Lodul is moderately wounded.
You hit Lodul.
Lodul is moderately wounded.
Lodul hits you with a +0 dire flail!!
Lodul is burned by your cloak of flames.
Lodul is heavily wounded.
You completely miss Lodul.
Lodul is heavily wounded.
You hit Lodul.
Lodul is heavily wounded.
Lodul hits you with a +0 dire flail!
Lodul is burned by your cloak of flames.
Lodul is heavily wounded.
You hit Lodul.
Lodul is heavily wounded.
Lodul hits you with a +0 dire flail!
Lodul is burned by your cloak of flames.
Lodul is severely wounded.
You hit Lodul.
Lodul is severely wounded.
You hit Lodul but do no damage.
Lodul is severely wounded.
Lodul completely misses you.
You hit Lodul but do no damage.
Lodul is severely wounded.
You hit Lodul but do no damage.
Lodul is severely wounded.
Lodul hits you with a +0 dire flail!!
You die...

##########
.........#
.(.......#
........O#
########b#
#######.#
........#
........#
........#
####....#
#....#
#....#
#....#


You could see Lodul.

Vanquished Creatures
  Fannar (D:10)
  A hydra (D:9)
  A catoblepas (D:10)
  2 two-headed ogres
  A manticore (D:10)
  A komodo dragon (D:7)
  3 kobold demonologists
  A polar bear (shapeshifter) (D:7)
  A shadow (D:7)
  A wraith (D:10)
  5 yaks (D:9)
  A vampire mosquito (D:7)
  2 steam dragons (D:6)
  An acid dragon (D:7)
  2 orc warriors
  4 black bears
  4 ice beasts
  A sky beast (D:7)
  9 ogres
  3 centaurs
  4 phantoms
  3 kobold brigands (D:7)
  2 bullfrogs
  A gnoll sergeant (D:7)
  2 necrophages
  2 scorpions
  13 wights
  9 killer bees
  3 orc priests
  4 hounds
  3 jellies
  3 iguanas
  7 orc wizards
  3 gnolls (D:7)
  7 adders
  A white imp (D:7)
  An ufetubus (D:5)
  A dart slug (D:3)
  3 worms
  21 orcs
  9 bats
  6 endoplasms
  2 giant cockroaches
  5 goblins
  5 hobgoblins
  7 jackals
  5 quokkas
  5 ball pythons
  A frilled lizard (D:1)
  11 kobolds
  7 rats
201 creatures vanquished.

Vanquished Creatures (others)
  An orc (D:6)
1 creature vanquished.

Grand Total: 202 creatures vanquished

Notes
Turn   | Place    | Note
-------+----------+-------------------------------------------
     0 | D:1      | qw the Troll Cinder Acolyte began the quest for the Orb.
     0 | D:1      | Reached XP level 1. HP: 22/22 MP: 1/1
     0 | D:1      | 0 ||| qw: Version: 0.1-a-97-g2dd2ca4
     0 | D:1      | 0 ||| qw: Game counter: 4998
     0 | D:1      | 0 ||| qw: Always use a shield: true
     0 | D:1      | 0 ||| qw: God list: Okawaru
     0 | D:1      | 0 ||| qw: Allow faded altars: false
     0 | D:1      | 0 ||| qw: Do Orc after D:15 true
     0 | D:1      | 0 ||| qw: Do second Lair branch before Depths: true
     0 | D:1      | 0 ||| qw: Lair rune preference: random
     0 | D:1      | 0 ||| qw: Plans: Normal
     0 | D:1      | 0 ||| PLANNING D:1-11
     6 | D:1      | 6 ||| Stepping randomly (stuck).
     7 | D:1      | 7 ||| Stepping randomly (stuck).
    11 | D:1      | 11 ||| Stepping randomly (stuck).
    14 | D:1      | 14 ||| Stepping randomly (stuck).
    15 | D:1      | 15 ||| Stepping randomly (stuck).
    17 | D:1      | 17 ||| Stepping randomly (stuck).
    20 | D:1      | 20 ||| Stepping randomly (stuck).
    21 | D:1      | 21 ||| Stepping randomly (stuck).
    22 | D:1      | 22 ||| Stepping randomly (stuck).
    23 | D:1      | 23 ||| Stepping randomly (stuck).
    24 | D:1      | 24 ||| Stepping randomly (stuck).
    25 | D:1      | 25 ||| Stepping randomly (stuck).
    26 | D:1      | 26 ||| Stepping randomly (stuck).
    27 | D:1      | 27 ||| Stepping randomly (stuck).
    28 | D:1      | 28 ||| Stepping randomly (stuck).
    29 | D:1      | 29 ||| Stepping randomly (stuck).
    30 | D:1      | 30 ||| Stepping randomly (stuck).
    31 | D:1      | 31 ||| Stepping randomly (stuck).
    32 | D:1      | 32 ||| Stepping randomly (stuck).
    33 | D:1      | 33 ||| Stepping randomly (stuck).
    34 | D:1      | 34 ||| Stepping randomly (stuck).
    35 | D:1      | 35 ||| Stepping randomly (stuck).
    36 | D:1      | 36 ||| Stepping randomly (stuck).
    37 | D:1      | 37 ||| Stepping randomly (stuck).
    38 | D:1      | 38 ||| Stepping randomly (stuck).
    39 | D:1      | 39 ||| Stepping randomly (stuck).
    40 | D:1      | 40 ||| Stepping randomly (stuck).
    41 | D:1      | 41 ||| Stepping randomly (stuck).
    42 | D:1      | 42 ||| Stepping randomly (stuck).
    43 | D:1      | 43 ||| Stepping randomly (stuck).
    44 | D:1      | 44 ||| Stepping randomly (stuck).
    45 | D:1      | 45 ||| Stepping randomly (stuck).
    46 | D:1      | 46 ||| Stepping randomly (stuck).
    47 | D:1      | 47 ||| Stepping randomly (stuck).
    48 | D:1      | 48 ||| Stepping randomly (stuck).
   101 | D:1      | 101 ||| INVOKING Fiery Armour.
   187 | D:1      | Reached XP level 2. HP: 29/29 MP: 2/2
   205 | D:1      | 205 ||| Stepping ~*~*~tactically~*~*~ (stealth).
   207 | D:1      | 207 ||| Stepping ~*~*~tactically~*~*~ (stealth).
   468 | D:1      | Reached skill level 4 in Unarmed Combat
   482 | D:1      | Found a faded altar of an unknown god.
   635 | D:1      | 635 ||| UPGRADING to ring of see invisible.
   636 | D:1      | 636 ||| UPGRADING to +4 ring of protection.
   637 | D:1      | 637 ||| READING 2 scrolls labelled UDEFAG JYE.
   638 | D:1      | 638 ||| READING 2 scrolls labelled ESHREN ASEOGH.
   639 | D:1      | 639 ||| READING scroll labelled REOSOA PUR REHIF.
   640 | D:1      | 640 ||| READING scroll labelled WAQ GUOTOSH.
   641 | D:1      | 641 ||| DRINKING 3 brown potions.
   642 | D:1      | 642 ||| DRINKING 2 fizzy black potions.
   643 | D:1      | 643 ||| DROPPING 2 potions of invisibility.
   665 | D:2      | 665 ||| Stepping ~*~*~tactically~*~*~ (stealth).
   667 | D:2      | 667 ||| Stepping ~*~*~tactically~*~*~ (stealth).
   668 | D:2      | 668 ||| Stepping ~*~*~tactically~*~*~ (stealth).
   669 | D:2      | 669 ||| Stepping ~*~*~tactically~*~*~ (stealth).
   672 | D:2      | 672 ||| Stepping ~*~*~tactically~*~*~ (stealth).
   674 | D:2      | 674 ||| Stepping ~*~*~tactically~*~*~ (stealth).
   752 | D:2      | Reached XP level 3. HP: 36/36 MP: 3/3
   770 | D:2      | Found Jateseonn's Weapon Shoppe.
   942 | D:2      | 942 ||| Stepping ~*~*~tactically~*~*~ (stealth).
   944 | D:2      | 944 ||| Stepping ~*~*~tactically~*~*~ (stealth).
   946 | D:2      | 946 ||| Stepping ~*~*~tactically~*~*~ (stealth).
   948 | D:2      | 948 ||| Stepping ~*~*~tactically~*~*~ (stealth).
  1125 | D:2      | 1125 ||| READING scroll labelled IWAUCS YLOSH.
  1126 | D:2      | 1126 ||| READING scroll labelled QANICO KUXESO.
  1127 | D:2      | 1127 ||| READING scroll labelled HIRIEH BIRILAMM.
  1128 | D:2      | 1128 ||| DRINKING 4 pink potions.
  1472 | D:3      | Reached XP level 4. HP: 44/44 MP: 4/4
  1505 | D:3      | Reached skill level 5 in Unarmed Combat
  1871 | D:3      | 1871 ||| UPGRADING to amulet of reflection.
  1876 | D:3      | 1876 ||| READING scroll labelled KIATSOOJIYS.
  1877 | D:3      | 1877 ||| READING scroll labelled XAOGHE OMAPPIURPH.
  1904 | D:4      | 1904 ||| Stepping ~*~*~tactically~*~*~ (outnumbered).
  1906 | D:4      | 1906 ||| Stepping ~*~*~tactically~*~*~ (outnumbered).
  1927 | D:4      | 1927 ||| Stepping ~*~*~tactically~*~*~ (stealth).
  1929 | D:4      | 1929 ||| Stepping ~*~*~tactically~*~*~ (stealth).
  1990 | D:4      | 1990 ||| Stepping ~*~*~tactically~*~*~ (stealth).
  2105 | D:4      | Reached XP level 5. HP: 41/50 MP: 5/5
  2134 | D:4      | Reached skill level 6 in Unarmed Combat
  2162 | D:4      | 2162 ||| Stepping ~*~*~tactically~*~*~ (stealth).
  2163 | D:4      | 2163 ||| Stepping ~*~*~tactically~*~*~ (stealth).
  2164 | D:4      | 2164 ||| Stepping ~*~*~tactically~*~*~ (stealth).
  2177 | D:4      | Noticed a black bear
  2178 | D:4      | 2178 ||| Stepping ~*~*~tactically~*~*~ (stealth).
  2206 | D:4      | Killed a black bear
  2207 | D:4      | Reached XP level 6. HP: 38/59 MP: 6/6
  2574 | D:4      | 2574 ||| READING 2 scrolls of identify.
  2574 | D:4      | 2574 ||| IDENTIFYING dark potion
  2580 | D:5      | Entered Level 5 of the Dungeon
  2620 | D:5      | Reached skill level 7 in Unarmed Combat
  2625 | D:5      | 2625 ||| FLEEEEING.
  2626 | D:5      | 2626 ||| FLEEEEING.
  2627 | D:5      | 2627 ||| FLEEEEING.
  2628 | D:5      | 2628 ||| FLEEEEING.
  2631 | D:5      | 2631 ||| Stepping ~*~*~tactically~*~*~ (hiding).
  2632 | D:5      | 2632 ||| Stepping ~*~*~tactically~*~*~ (hiding).
  2635 | D:5      | 2635 ||| DRINKING 3 potions of curing.
  2635 | D:5      | 2635 ||| (to cure confusion)
  2642 | D:5      | 2642 ||| Stepping ~*~*~tactically~*~*~ (outnumbered).
  2702 | D:5      | Reached skill level 8 in Unarmed Combat
  2784 | D:5      | Reached skill level 3 in Fighting
  2784 | D:5      | Reached XP level 7. HP: 67/67 MP: 7/7
  2915 | D:5      | 2915 ||| Stepping ~*~*~tactically~*~*~ (outnumbered).
  2916 | D:5      | 2916 ||| Stepping ~*~*~tactically~*~*~ (outnumbered).
  2917 | D:5      | 2917 ||| Stepping ~*~*~tactically~*~*~ (outnumbered).
  3207 | D:5      | Reached skill level 9 in Unarmed Combat
  3438 | D:5      | 3438 ||| DRINKING 2 red potions.
  3438 | D:5      | Gained mutation: Your muscles are strong. (Str +4, Int/Dex
                  | -1) [potion of mutation]
  3438 | D:5      | Gained mutation: Your mind is acute. (Int +4, Str/Dex -1)
                  | [potion of mutation]
  3438 | D:5      | Gained mutation: You have a somewhat thin skeletal
                  | structure. (Dex +2, Stealth+) [potion of mutation]
  3439 | D:5      | 3439 ||| READING 3 scrolls of identify.
  3439 | D:5      | 3439 ||| IDENTIFYING metallic green potion
  3440 | D:5      | 3440 ||| READING 2 scrolls of identify.
  3440 | D:5      | 3440 ||| IDENTIFYING fuming blue potion
  3441 | D:5      | 3441 ||| DROPPING potion of ambrosia.
  3442 | D:5      | 3442 ||| DROPPING potion of degeneration.
  3548 | D:6      | 3548 ||| INVOKING Fiery Armour.
  3552 | D:6      | Reached skill level 1 in Dodging
  3560 | D:6      | Reached XP level 8. HP: 75/75 MP: 8/8
  3578 | D:6      | Found a staircase to the Ecumenical Temple.
  3599 | D:6      | Reached skill level 10 in Unarmed Combat
  3707 | D:6      | 3707 ||| Stepping ~*~*~tactically~*~*~ (stealth).
  3709 | D:6      | 3709 ||| Stepping ~*~*~tactically~*~*~ (hiding).
  3714 | D:6      | 3714 ||| Stepping ~*~*~tactically~*~*~ (outnumbered).
  3719 | D:6      | 3719 ||| Stepping ~*~*~tactically~*~*~ (outnumbered).
  3720 | D:6      | 3720 ||| Stepping ~*~*~tactically~*~*~ (outnumbered).
  3721 | D:6      | 3721 ||| Stepping ~*~*~tactically~*~*~ (outnumbered).
  3722 | D:6      | 3722 ||| Stepping ~*~*~tactically~*~*~ (outnumbered).
  3723 | D:6      | 3723 ||| Stepping ~*~*~tactically~*~*~ (outnumbered).
  3724 | D:6      | 3724 ||| Stepping ~*~*~tactically~*~*~ (outnumbered).
  3725 | D:6      | 3725 ||| Stepping ~*~*~tactically~*~*~ (outnumbered).
  3726 | D:6      | 3726 ||| FLEEEEING.
  4111 | D:6      | 4111 ||| READING scroll labelled ISTREPU VUBLID.
  4112 | D:6      | 4112 ||| READING scroll labelled VEL ODDEKIO.
  4113 | D:6      | 4113 ||| READING 2 scrolls of identify.
  4113 | D:6      | 4113 ||| IDENTIFYING white potion
  4114 | D:6      | 4114 ||| DROPPING potion of attraction.
  4240 | D:7      | 4240 ||| Stepping ~*~*~tactically~*~*~ (stealth).
  4251 | D:7      | Reached skill level 11 in Unarmed Combat
  4252 | D:7      | 4252 ||| INVOKING Fiery Armour.
  4255 | D:7      | Reached XP level 9. HP: 30/85 MP: 9/9
  4327 | D:7      | 4327 ||| Stepping ~*~*~tactically~*~*~ (stealth).
  4329 | D:7      | 4329 ||| Stepping ~*~*~tactically~*~*~ (stealth).
  4330 | D:7      | 4330 ||| Stepping ~*~*~tactically~*~*~ (stealth).
  4344 | D:7      | Noticed a kobold demonologist
  4345 | D:7      | 4345 ||| Stepping ~*~*~tactically~*~*~ (stealth).
  4346 | D:7      | 4346 ||| Stepping ~*~*~tactically~*~*~ (stealth).
  4355 | D:7      | 4355 ||| Stepping ~*~*~tactically~*~*~ (stealth).
  4358 | D:7      | 4358 ||| Stepping ~*~*~tactically~*~*~ (stealth).
  4362 | D:7      | 4362 ||| Stepping ~*~*~tactically~*~*~ (stealth).
  4366 | D:7      | 4366 ||| Stepping ~*~*~tactically~*~*~ (stealth).
  4445 | D:7      | 4445 ||| Stepping ~*~*~tactically~*~*~ (stealth).
  4466 | D:7      | 4466 ||| Stepping ~*~*~tactically~*~*~ (hiding).
  4467 | D:7      | 4467 ||| Stepping ~*~*~tactically~*~*~ (hiding).
  4580 | D:7      | Found a faded altar of an unknown god.
  4580 | D:7      | Found a sparkling altar of Nemelex Xobeh.
  4588 | D:7      | Found a stormy altar of Qazlal.
  4589 | D:7      | 4589 ||| Stepping ~*~*~tactically~*~*~ (stealth).
  4599 | D:7      | Found a shadowy altar of Dithmenos.
  4601 | D:7      | Found a faded altar of an unknown god.
  4658 | D:7      | Noticed a smoke demon
  4658 | D:7      | 4658 ||| Stepping ~*~*~tactically~*~*~ (hiding).
  4672 | D:7      | Killed a kobold demonologist
  4673 | D:7      | Reached skill level 12 in Unarmed Combat
  4829 | D:7      | 4829 ||| UPGRADING to +0 kite shield.
  4834 | D:7      | 4834 ||| READING 2 scrolls of identify.
  4834 | D:7      | 4834 ||| IDENTIFYING murky yellow potion
  4835 | D:7      | 4835 ||| DROPPING potion of berserk rage.
  4889 | D:7      | 4889 ||| READING 3 scrolls of teleportation.
  4890 | D:7      | 4890 ||| STAIRDANCE
  5036 | D:8      | 5036 ||| Stepping ~*~*~tactically~*~*~ (stealth).
  5041 | D:8      | Reached skill level 1 in Shields
  5042 | D:8      | Found a broken altar of Ashenzari.
  5087 | D:8      | 5087 ||| Stepping ~*~*~tactically~*~*~ (stealth).
  5104 | D:8      | Noticed a two-headed ogre
  5109 | D:8      | 5109 ||| INVOKING Fiery Armour.
  5110 | D:8      | Killed a two-headed ogre
  5266 | D:8      | Found Gosumn's General Store.
  5271 | D:8      | 5271 ||| BUYING +4 ring of evasion (468 gold).
  5271 | D:8      | Bought a +4 ring of evasion for 468 gold pieces
  5271 | D:8      | 5271 ||| SHOPLISTING scroll of brand weapon (123 gold, have
                  | 3).
  5279 | D:8      | Found a hazy altar of Hepliaklqana.
  5326 | D:8      | 5326 ||| Stepping ~*~*~tactically~*~*~ (stealth).
  5328 | D:8      | 5328 ||| Stepping ~*~*~tactically~*~*~ (stealth).
  5334 | D:8      | Reached XP level 10. HP: 96/96 MP: 10/10
  5373 | D:8      | 5373 ||| Stepping ~*~*~tactically~*~*~ (hiding).
  5400 | D:8      | 5400 ||| Stepping ~*~*~tactically~*~*~ (hiding).
  5408 | D:8      | 5408 ||| Stepping ~*~*~tactically~*~*~ (stealth).
  5447 | D:8      | 5447 ||| Stepping ~*~*~tactically~*~*~ (stealth).
  5448 | D:8      | 5448 ||| Stepping ~*~*~tactically~*~*~ (stealth).
  5449 | D:8      | 5449 ||| Stepping ~*~*~tactically~*~*~ (stealth).
  5492 | D:8      | 5492 ||| Stepping ~*~*~tactically~*~*~ (outnumbered).
  5493 | D:8      | 5493 ||| Stepping ~*~*~tactically~*~*~ (outnumbered).
  5666 | D:8      | Identified the +3 leather armour of the Bull {Harm Rampage
                  | rElec rF-}
  5703 | D:8      | 5703 ||| Stepping ~*~*~tactically~*~*~ (stealth).
  5760 | D:8      | Reached skill level 6 in Shields
  5848 | D:8      | 5848 ||| READING 3 scrolls of identify.
  5848 | D:8      | 5848 ||| IDENTIFYING bubbling purple potion
  5849 | D:8      | 5849 ||| DROPPING potion of brilliance.
  5914 | D:7      | Reached skill level 1 in Throwing
  5938 | D:7      | 5938 ||| INVOKING Fiery Armour.
  5939 | D:7      | 5939 ||| Stepping ~*~*~tactically~*~*~ (outnumbered).
  5941 | D:7      | 5941 ||| Stepping ~*~*~tactically~*~*~ (hiding).
  5966 | D:7      | HP: 24/96 [polar bear (shapeshifter) (20)]
  5967 | D:7      | 5967 ||| READING 2 scrolls of teleportation.
  5968 | D:7      | 5968 ||| DRINKING potion of heal wounds.
  6043 | D:7      | 6043 ||| READING scroll of teleportation.
  6074 | D:8      | 6074 ||| Stepping randomly (stuck).
  6242 | D:9      | Noticed a two-headed ogre
  6247 | D:9      | Killed a two-headed ogre
  6259 | D:9      | 6259 ||| Stepping ~*~*~tactically~*~*~ (outnumbered).
  6264 | D:9      | 6264 ||| INVOKING Fiery Armour.
  6269 | D:9      | 6269 ||| Stepping ~*~*~tactically~*~*~ (outnumbered).
  6270 | D:9      | 6270 ||| Stepping ~*~*~tactically~*~*~ (outnumbered).
  6271 | D:9      | Noticed a soul eater
  6287 | D:9      | Reached skill level 9 in Shields
  6415 | D:9      | Noticed a six-headed hydra
  6416 | D:9      | 6416 ||| INVOKING Fiery Armour.
  6418 | D:9      | Killed an eight-headed hydra
  6419 | D:9      | Reached skill level 3 in Throwing
  6419 | D:9      | Reached XP level 11. HP: 95/102 MP: 11/11
  6518 | D:9      | 6518 ||| Stepping ~*~*~tactically~*~*~ (stealth).
  6521 | D:9      | Noticed a soul eater
  6525 | D:9      | 6525 ||| Stepping ~*~*~tactically~*~*~ (stealth).
  6531 | D:9      | 6531 ||| Stepping ~*~*~tactically~*~*~ (outnumbered).
  6532 | D:9      | 6532 ||| Stepping ~*~*~tactically~*~*~ (outnumbered).
  6534 | D:9      | 6534 ||| Stepping ~*~*~tactically~*~*~ (outnumbered).
  6535 | D:9      | 6535 ||| Stepping ~*~*~tactically~*~*~ (outnumbered).
  6536 | D:9      | 6536 ||| Stepping ~*~*~tactically~*~*~ (outnumbered).
  6537 | D:9      | 6537 ||| Stepping ~*~*~tactically~*~*~ (outnumbered).
  6538 | D:9      | 6538 ||| Stepping ~*~*~tactically~*~*~ (outnumbered).
  6558 | D:9      | You fall into a shaft and drop 1 floor!
  6558 | D:10     | Entered Level 10 of the Dungeon
  6992 | D:10     | Noticed a catoblepas
  6993 | D:10     | 6993 ||| INVOKING Fiery Armour.
  6999 | D:10     | 6999 ||| Stepping ~*~*~tactically~*~*~ (cloud).
  7001 | D:10     | 7001 ||| Stepping ~*~*~tactically~*~*~ (cloud).
  7003 | D:10     | Killed a catoblepas
  7195 | D:10     | 7195 ||| Stepping ~*~*~tactically~*~*~ (hiding).
  7367 | D:10     | Noticed Fannar
  7384 | D:10     | Killed Fannar
  7438 | D:10     | Noticed Lodul
  7439 | D:10     | 7439 ||| INVOKING Fiery Armour.
  7440 | D:10     | 7440 ||| Stepping ~*~*~tactically~*~*~ (outnumbered).
  7441 | D:10     | 7441 ||| Stepping ~*~*~tactically~*~*~ (hiding).
  7453 | D:10     | Reached skill level 13 in Unarmed Combat
  7479 | D:10     | HP: 25/102 [Lodul/+0 dire flail (12)]
  7480 | D:10     | 7480 ||| DRINKING potion of heal wounds.
  7486 | D:10     | HP: 18/102 [Lodul/+0 dire flail (10)]
  7490 | D:10     | Mangled by Lodul

Levels and vault maps discovered:
D:1:      zelgadis_glass_arrival_small, layout_basic,
          hellmonk_ecumenical_altar_crossroads, minmay_misc_feat_hallway
D:2:      layout_rooms, serial_shops, shop, minmay_distorted
D:3:      layout_basic
D:4:      layout_loops_ring, minmay_misc_feat_secret_circle, minmay_crossroads
D:5:      layout_cave_pods, hex_tiny
D:6:      cheibrodos_steamvent, layout_gridville,
          minmay_temple_entry_stoned_glass
D:7:      minmay_klotski, layout_cave_pools,
          chequers_temple_overflow_minitemple, minmay_crystal_room
D:8:      layout_loops_ring, nicolae_overflow_hidden_temple,
          mainiacjoe_overflow_alcove_1, serial_shops, shop
D:9:      layout_long_grid, amcnicky_mini_rare_corridor_liquid,
          nicolae_zen_rock_garden
D:10:     nzn_motion_control, layout_stronghold, minivault_25_ag, uniq_lodul,
          uniq_fannar, uniq_maggie

Skill      XL: |  1  2  3  4  5  6  7  8  9 10 11 |
---------------+----------------------------------+-----
Unarmed Combat | 4 5 6 8 9 11 12 13 | 13.0
Fighting       | 3 4 5 |  5.1
Dodging        | 1 |  1.4
Shields        | 5 9 |  9.2
Throwing       | 3 5 |  5.2
Spellcasting   | |  1.0
Fire Magic     | |  2.1

Action                   |  1- 3 |  4- 6 |  7- 9 | 10-12 || total
-------------------------+-------+-------+-------+-------++-------
Melee: Unarmed           |    96 |   100 |   204 |   222 ||   622
       Punch             |       |     2 |     9 |       ||    11
Throw: Boomerang         |       |       |       |    28 ||    28
       Large rock        |       |       |       |     5 ||     5
Invok: Fiery Armour      |     1 |       |     3 |     5 ||     9
  Use: Scroll            |     7 |     3 |     7 |     3 ||    20
       Potion            |     3 |     1 |     1 |     2 ||     7
 Stab: Petrified         |       |       |       |     2 ||     2
       Sleeping          |       |       |       |     1 ||     1
Armor: Robe              |    42 |    28 |    74 |    40 ||   184
Dodge: Dodged            |    40 |    33 |    56 |    44 ||   173
Block: Other             |       |    14 |    31 |     1 ||    46
       Reflection        |       |       |     7 |     7 ||    14
       Kite shield       |       |       |    11 |    95 ||   106

Table legend:
 A = Non-vault XP
 B = Vault XP
 C = Vault XP percentage of total XP
 D = Non-vault monster count
 E = Vault monster count
 F = Vault count percentage of total count
                 A         B        C        D         E       F
            +---------+---------+-------+---------+---------+-------
      Total |   10281 |    5124 |  33.3 |     177 |      25 |  12.4
            +---------+---------+-------+---------+---------+-------
        D:1 |      33 |       0 |   0.0 |      23 |       0 |   0.0
        D:2 |      42 |       1 |   2.3 |      18 |       1 |   5.3
        D:3 |      57 |       0 |   0.0 |      10 |       0 |   0.0
        D:4 |     282 |       8 |   2.8 |      15 |       2 |  11.8
        D:5 |     786 |       0 |   0.0 |      20 |       0 |   0.0
        D:6 |     862 |     360 |  29.5 |      14 |       2 |  12.5
        D:7 |    1850 |    1645 |  47.1 |      31 |       9 |  22.5
        D:8 |    2143 |       0 |   0.0 |      25 |       0 |   0.0
        D:9 |    3976 |       0 |   0.0 |      17 |       0 |   0.0
       D:10 |     250 |    3110 |  92.6 |       4 |      11 |  73.3
            +---------+---------+-------+---------+---------+-------
